 Dungeon Crawl Stone Soup version 0.31.0-32-g396128a36d (webtiles) character file.

Game seed: 14390778383311055857

1404 adizb the Sneak (level 8, -3/44 HPs)
             Began as an Octopode Shapeshifter on Apr 13, 2024.
             Was an Initiate of Wu Jian.
             Shot with an arrow by a centaur (4 damage)
             ... on level 6 of the Dungeon.
             The game lasted 00:33:04 (5133 turns).

adizb the Sneak (Octopode Shapeshifter)             Turns: 5133, Time: 00:33:06

Health: -3/44      AC:  6    Str: 20    XL:     8   Next: 70%
Magic:  8/8        EV: 16    Int: 12    God:    Wu Jian [......]
Gold:   384        SH:  0    Dex: 12    Spells: 7/7 levels left

rFire   . .          .
                       - Unarmed
rCold   . . .        (shield currently unavailable)
rNeg    . . .        (helmet currently unavailable)
rPois   +            (no amulet)
rElec   .            f - +5 ring of evasion
rCorr   .            (no ring)
SInv    .            (no ring)
Will    .....        (no ring)
Stlth   +++          (no ring)
HPRegen 0.27/turn    (no ring)
MPRegen 0.11/turn    (no ring)
                     (no ring)

%: no passive effects
@: snake-form, studying Shapeshifting
A: constrict, reduced hp, almost no armour, amphibious, 8 rings, large,
(camouflage 1), (gelatinous body 1), (nimble swimmer 1), (tentacles), subdued
magic 1
a: Begin Untransformation, Renounce Religion


You were on level 6 of the Dungeon.
You worshipped Wu Jian.
Wu Jian was noncommittal.
You were an enormous serpent.
You visited 1 branch of the dungeon, and saw 6 of its levels.

You collected 384 gold pieces.

Inventory:

Hand Weapons
 l - a +3 quarterstaff of chaos
Missiles
 u - a curare-tipped dart
 w - 3 datura-tipped darts (quivered)
Jewellery
 f - a +5 ring of evasion (left tentacle)
Talismans
 b - a beast talisman
 c - a flux talisman
 e - a serpent talisman (active)
Wands
 t - a wand of mindburst (6)
 v - a wand of flame (14)
Scrolls
 a - a scroll of fog {unknown}
 d - a scroll of silence
 m - 2 scrolls of poison {unknown}
 p - a scroll of revelation
 x - a scroll of enchant armour
 y - a scroll of fear {unknown}
Potions
 g - a potion of invisibility {unknown}
 h - a potion of enlightenment
 i - a potion of curing
 j - 3 potions of brilliance
 k - a potion of heal wounds {unknown}
 n - 2 potions of haste {unknown}
 o - a potion of ambrosia {unknown}
 q - a potion of magic
 r - a potion of attraction {unknown}
 s - a potion of degeneration {unknown}


   Skills:
 + Level 4.4 Fighting
 + Level 4.6 Dodging
 + Level 7.2 Stealth
 + Level 5.1 Unarmed Combat
 * Level 6.8 Shapeshifting


You had 7 spell levels left.
You didn't know any spells.
Your spell library contained the following spells:

 Spells                   Type           Power      Damage    Failure   Level
 Gell's Gravitas          Tloc           0%         N/A       65%         3
 Teleport Other           Tloc           0%         N/A       65%         3
 Dispersal                Tloc           0%         N/A       100%        6


Dungeon Overview and Level Annotations

Branches:
Dungeon (6/15)             Temple (0/1) D:5

Altars:
Gozag
Hepliaklqana
Kikubaaqudgha
Nemelex Xobeh
Qazlal
Ru
Trog
Uskayaw
Vehumet
Wu Jian
Xom


Innate Abilities, Weirdness & Mutations

You are an enormous serpent.
You have a powerful constriction melee attack.
Your maximum health is decreased, since you lack skill for your form.
Your armour is entirely melded.
You are incapable of wielding weapons or throwing items.
You cannot wear most types of armour.
You are amphibious.
You can wear up to eight rings at the same time.
((Your skin changes colour to match your surroundings (Stealth+).))
((Your rubbery body absorbs attacks. (AC +1, EV +1)))
((You are camouflaged when in or above water. (Stealth+)))
((You have tentacles for arms and can constrict up to eight enemies at once.))
Your spells are a little easier to cast, but a little less powerful.


Message History

Found 10 gold pieces.
A centaur comes into view.
Found 16 gold pieces.
The centaur wields a +0 shortbow.
The centaur shoots an arrow.
The arrow misses you.
A centaur and an orc wizard come into view.
Found 12 gold pieces.
The centaur shoots an arrow.
The arrow closely misses you.
The centaur moves out of view.
The orc wizard moves out of view.
You hear a shout!
You enter the deep water.
Found a scroll of identify.
The centaur shoots an arrow.
The arrow hits you.
The centaur shoots an arrow.
The arrow hits you!
The centaur shoots an arrow.
The arrow hits you.
The centaur shoots an arrow.
The arrow hits you!
The orc wizard casts a spell.
The orc wizard flickers and vanishes!
Deactivating autopickup; reactivate with Ctrl-A.
You hear an angry hiss.
Okay, then.
The centaur shoots an arrow.
The arrow completely misses you.
The centaur wields a +0 shortbow.
The centaur shoots an arrow.
An adder comes into view.
The centaur shoots an arrow.
The arrow completely misses you.
A magic dart appears from out of thin air!
The magic dart hits you.
The centaur shoots an arrow.
The arrow closely misses you.
The centaur shoots an arrow.
The arrow closely misses you.
The centaur shoots an arrow.
The arrow hits you.
* * * LOW HITPOINT WARNING * * *
The centaur shoots an arrow.
The arrow closely misses you.
The centaur shoots an arrow.
The arrow hits you!
* * * LOW HITPOINT WARNING * * *
You feel better.
The centaur shoots an arrow.
The arrow hits you.
* * * LOW HITPOINT WARNING * * *
The adder bites you.
* * * LOW HITPOINT WARNING * * *
The centaur shoots an arrow.
The arrow hits you!
* * * LOW HITPOINT WARNING * * *
The centaur shoots an arrow.
The arrow hits you.
You die...

##.# .≈~≈~≈~≈≈≈≈ ...#
#≈~≈~≈....≈ ####
#≈~≈~≈$$?≈~
..(#############≈~≈≈c{c.≈~
##..............≈≈~≈≈≈≈~≈~
##.####..######..≈≈~~~~≈≈~
.........# ##≈~≈≈≈≈≈≈~≈
##.####.## #≈≈~~~~~~≈≈
##......# #SS≈≈≈≈≈≈≈.
...###### #.##....... ####
#.. .##.#.# ####.# .#.# .#
#


You could see 2 centaurs and an adder.

Vanquished Creatures
  Sigmund (D:4)
  An ice beast (D:5)
  An ogre (D:4)
  A kobold brigand (D:3)
  Blork the orc (D:4)
  2 scorpions (D:5)
  3 bombardier beetles
  A quasit (D:4)
  Crazy Yiuf (D:2)
  2 hounds
  An orc priest (D:3)
  A sleepcap (D:5)
  4 orc wizards
  Robin (D:2)
  15 gnolls
  6 adders
  2 shadow imps
  2 white imps
  3 ufetubi (D:4)
  3 dart slugs
  28 orcs
  9 ball pythons
  7 bats
  4 endoplasms
  3 giant cockroaches (D:1)
  14 goblins
  13 hobgoblins
  17 jackals
  4 kobolds
  5 quokkas
  2 frilled lizards
  5 rats
163 creatures vanquished.

Vanquished Creatures (collateral kills)
  3 gnolls (D:5)
3 creatures vanquished.

Grand Total: 166 creatures vanquished

Notes
Turn   | Place    | Note
-------+----------+-------------------------------------------
     0 | D:1      | adizb the Octopode Shapeshifter began the quest for the
                  | Orb.
     0 | D:1      | Reached XP level 1. HP: 13/13 MP: 1/1
   104 | D:1      | Reached skill level 1 in Stealth
   113 | D:1      | Reached XP level 2. HP: 17/18 MP: 2/2
   341 | D:1      | Reached skill level 2 in Stealth
   348 | D:1      | Reached XP level 3. HP: 19/23 MP: 3/3
   746 | D:2      | Reached XP level 4. HP: 29/29 MP: 4/4
   776 | D:2      | Found an ancient bone altar of Kikubaaqudgha.
   802 | D:2      | Found a runed translucent door.
   803 | D:2      | Noticed Crazy Yiuf
   837 | D:2      | Reached skill level 3 in Stealth
  1040 | D:2      | Killed Crazy Yiuf
  1291 | D:2      | Reached XP level 5. HP: 34/34 MP: 5/5
  1350 | D:3      | Noticed Robin
  1377 | D:2      | Killed Robin
  1716 | D:3      | Reached skill level 4 in Stealth
  1924 | D:3      | Reached XP level 6. HP: 41/41 MP: 6/6
  2314 | D:3      | Reached skill level 5 in Stealth
  2588 | D:3      | Reached XP level 7. HP: 33/46 MP: 7/7
  2632 | D:3      | Identified a scroll of acquirement
  2643 | D:3      | Acquired a manual of Shapeshifting
  3010 | D:4      | Reached skill level 6 in Stealth
  3194 | D:4      | Noticed Blork the orc
  3202 | D:4      | Killed Blork the orc
  3207 | D:4      | Noticed Sigmund
  3384 | D:4      | Killed Sigmund
  3385 | D:4      | Reached skill level 5 in Shapeshifting
  3385 | D:4      | Reached XP level 8. HP: 44/54 MP: 8/8
  3763 | D:4      | Found a shimmering altar of Xom.
  3792 | D:4      | Found a hide-covered altar of Uskayaw.
  3984 | D:5      | Entered Level 5 of the Dungeon
  3993 | D:5      | Found an ornate altar of the Wu Jian Council.
  4002 | D:5      | Became a worshipper of the Wu Jian Council
  4040 | D:5      | Found a bloodstained altar of Trog.
  4110 | D:5      | Found a hazy altar of Hepliaklqana.
  4114 | D:5      | Reached skill level 5 in Unarmed Combat
  4266 | D:5      | Found an opulent altar of Gozag.
  4343 | D:5      | Identified the +10 quarterstaff of Tension {heavy, rElec
                  | Will- rCorr Dex+2}
  4417 | D:5      | Gained mutation: Your flesh is cold resistant. (rC+)
                  | [potion of mutation]
  4417 | D:5      | Lost mutation: Your flesh is cold resistant. (rC+) [potion
                  | of mutation]
  4417 | D:5      | Gained mutation: Your spells are a little easier to cast,
                  | but a little less powerful. [potion of mutation]
  4418 | D:5      | Lost mutation: Your spells are a little easier to cast, but
                  | a little less powerful. [potion of mutation]
  4418 | D:5      | Gained mutation: Your spells are a little easier to cast,
                  | but a little less powerful. [potion of mutation]
  4465 | D:5      | Found a staircase to the Ecumenical Temple.
  4561 | D:5      | Reached skill level 7 in Stealth
  4667 | D:3      | Found a sparkling altar of Nemelex Xobeh.
  4784 | D:5      | Found a stormy altar of Qazlal.
  4905 | D:5      | Found a sacrificial altar of Ru.
  4909 | D:5      | Found a radiant altar of Vehumet.
  5133 | D:6      | HP: 1/44 [centaur/arrow (7)]
  5133 | D:6      | Shot with an arrow by a centaur

Illustrated notes

Levels and vault maps discovered:
D:1:      matt_arrival_grand_opening, layout_loops_cross, minmay_tromino_v2
D:2:      layout_loops_ring, basic_altar, uniq_crazy_yiuf_cottage
D:3:      lemuel_castle_with_subvaults [lemuel_castle_interior_carwin_1],
          layout_rooms, mainiacjoe_overflow_alcove_4, uniq_robin
D:4:      layout_basic, mainiacjoe_overflow_six_doors_small,
          eat_drink_and_be_merry_uskayaw, serial_demonic, serial_demonic_d,
          serial_demonic_d, serial_demonic_a, serial_demonic_e, uniq_sigmund,
          uniq_blork_the_orc
D:5:      layout_layer_cave, amcnicky_altar_gilded,
          nicolae_overflow_crystal_walls, jmf_multi_god_temple,
          mainiacjoe_overflow_alcove_1, mainiacjoe_overflow_catwalk_spiral,
          minmay_temple_entry_trees
D:6:      nicolae_whirlpool, layout_loops_cross, kennysheep_boxes

Skill      XL: |  1  2  3  4  5  6  7  8 |
---------------+-------------------------+-----
Stealth        | 1 2 3 4 5 6 7 |  7.2
Fighting       | 2 3 4 |  4.4
Dodging        | 3 4 |  4.6
Unarmed Combat | 4 5 |  5.1
Shapeshifting  | 5 6 |  6.8

Action                     |  1- 3 |  4- 6 |  7- 9 || total
---------------------------+-------+-------+-------++-------
  Melee: Unarmed           |    58 |   162 |   119 ||   339
         Constrict         |    17 |    46 |    31 ||    94
         Tentacles         |     9 |    43 |    37 ||    89
         Punch             |     1 |     3 |     6 ||    10
  Throw: Dart              |       |       |     3 ||     3
Ability: Lunge             |       |       |     3 ||     3
    Use: Scroll            |     4 |       |     5 ||     9
         Potion            |       |       |     7 ||     7
   Stab: Sleeping          |     5 |    11 |     9 ||    25
 Armour: Skin              |    19 |    43 |    50 ||   112
  Dodge: Dodged            |    29 |   121 |    91 ||   241
   Form: Beast             |       |     2 |     3 ||     5
                           |       |     1 |       ||     1
         Flux              |       |       |     2 ||     2
         Serpent           |       |       |     2 ||     2
